TOP OF THE 1ST |
Albuquerque Dukes batting - Pitching for Memphis Blues : RHP Craig Mitchell
|
Pitching: RHP Craig Mitchell
|
|
Batting: RHB Aaron Cain
|
0-0: Ball 1-0: Ball 2-0: Ball 3-0: Base on Balls
|
Batting: RHB Steven Patterson
|
0-0: Called Strike 0-1: Swinging Strike 0-2: Ball 1-2: Grounds into double play, 6-4-3 (Groundball, 6S, EV 84.4 MPH)
|
Batting: LHB Dave Yobs
|
0-0: SINGLE (Line Drive, 7S, EV 110.0 MPH)
|
Batting: RHB George Foussianes
|
0-0: Ball 1-0: Called Strike 1-1: Ball 2-1: Swinging Strike 2-2: Fly out, F4 (Popup, 13, EV 74.4 MPH)
|
Top of the 1st over - 0 runs, 1 hit, 0 errors, 1 left on base; Albuquerque 0 - Memphis 0 |
BOTTOM OF THE 1ST |
Memphis Blues batting - Pitching for Albuquerque Dukes : RHP Brad Lesley
|
Pitching: RHP Brad Lesley
|
|
Batting: RHB Mariano Duncan
|
0-0: Ball 1-0: Ball 2-0: Fly out, F7 (Line Drive, 7, EV 110.0 MPH)
|
Batting: LHB John Robbins
|
0-0: Called Strike 0-1: Ground out 4-3 (Groundball, 4, EV 103.1 MPH)
|
Batting: LHB David Christianson
|
0-0: SOLO HOME RUN (Line Drive, 89XD, EV 108.1 MPH), Distance : 391 ft
|
Batting: RHB Chris James
|
0-0: Foul Ball, location: 2F 0-1: Called Strike 0-2: Ground out 5-3 (Groundball, 5, EV 90.0 MPH)
|
Bottom of the 1st over - 1 run, 1 hit, 0 errors, 0 left on base; Albuquerque 0 - Memphis 1 |
TOP OF THE 2ND |
Albuquerque Dukes batting - Pitching for Memphis Blues : RHP Craig Mitchell
|
Batting: LHB Matthew Henderson
|
0-0: Ball 1-0: Ball 2-0: Foul Ball, location: 2F 2-1: Swinging Strike 2-2: Foul Ball, location: 2F 2-2: Ground out 6-3 (Groundball, 6, EV 81.9 MPH)
|
Batting: LHB Andres Romero
|
0-0: Ball 1-0: Foul Ball, location: 2F 1-1: Ball 2-1: Fly out, F4 (Line Drive, 4, EV 61.9 MPH)
|
Batting: LHB John Elder
|
0-0: Ground out 1-5-3 (Groundball, 15S, EV 97.5 MPH)
|
Top of the 2nd over - 0 runs, 0 hits, 0 errors, 0 left on base; Albuquerque 0 - Memphis 1 |
BOTTOM OF THE 2ND |
Memphis Blues batting - Pitching for Albuquerque Dukes : RHP Brad Lesley
|
Batting: RHB Randy Filkins
|
0-0: Ball 1-0: Fly out, F8 (Flyball, 78M, EV 88.1 MPH)
|
Batting: RHB Augustine Garrett
|
0-0: Ball 1-0: Fly out, F8 (Flyball, 8LD, EV 101.3 MPH)
|
Batting: LHB Don Jacoby
|
0-0: Ball 1-0: Foul Ball, location: 2F 1-1: Ground out 6-3 (Groundball, 6, EV 81.3 MPH)
|
Bottom of the 2nd over - 0 runs, 0 hits, 0 errors, 0 left on base; Albuquerque 0 - Memphis 1 |
TOP OF THE 3RD |
Albuquerque Dukes batting - Pitching for Memphis Blues : RHP Craig Mitchell
|
Batting: RHB Mark Maher
|
0-0: Called Strike 0-1: Foul Ball, location: 2F 0-2: Ball 1-2: Strikes out swinging, 2-3 out at first.
|
Batting: RHB Kevin Harvey
|
0-0: Ball 1-0: Called Strike 1-1: SINGLE (Groundball, 6M, EV 96.3 MPH)
|
Batting: RHB Aaron Cain
|
0-0: SINGLE (Flyball, 6MD, EV 88.8 MPH) Kevin Harvey to second
|
Batting: RHB Steven Patterson
|
0-0: Ball 1-0: Ball 2-0: Called Strike 2-1: Ball 3-1: Foul Ball, location: 2F 3-2: Foul Ball, location: 2F 3-2: Base on Balls Kevin Harvey to third Aaron Cain to second
|
Batting: LHB Dave Yobs
|
0-0: Ball 1-0: Called Strike 1-1: Ball 2-1: Called Strike 2-2: Ball Wild Pitch! Kevin Harvey scores Aaron Cain to third Steven Patterson to second 3-2: Fly out, F9 (Flyball, 9LS, EV 74.4 MPH) Runner from 3rd tags up, SCORES, throw by RF Steven Patterson to third
|
Batting: RHB George Foussianes
|
0-0: Foul Ball, location: 2F 0-1: Ball 1-1: Ball 2-1: Ball 3-1: SINGLE (Flyball, 78S, EV 85.0 MPH) Steven Patterson scores
|
Batting: LHB Matthew Henderson
|
0-0: Swinging Strike 0-1: Fly out, F8 (Flyball, 89M, EV 88.1 MPH)
|
Top of the 3rd over - 3 runs, 3 hits, 0 errors, 1 left on base; Albuquerque 3 - Memphis 1 |
BOTTOM OF THE 3RD |
Memphis Blues batting - Pitching for Albuquerque Dukes : RHP Brad Lesley
|
Batting: RHB Bradley Shames
|
0-0: Foul Ball, location: 2F 0-1: Foul Ball, location: 2F 0-2: Ball 1-2: Ball 2-2: Ground out 5-3 (Groundball, 5, EV 103.1 MPH)
|
Batting: RHB William Muth
|
0-0: Ball 1-0: DOUBLE (Line Drive, 8RXD, EV 110.0 MPH)
|
Batting: RHB Mariano Duncan
|
0-0: Ball 1-0: Ball 2-0: Ball 3-0: Fly out, F8 (Line Drive, 8RD, EV 90.6 MPH)
|
Batting: LHB John Robbins
|
0-0: Ball 1-0: Ground out U3 (Groundball, 3L, EV 85.6 MPH)
|
Bottom of the 3rd over - 0 runs, 1 hit, 0 errors, 1 left on base; Albuquerque 3 - Memphis 1 |
TOP OF THE 4TH |
Albuquerque Dukes batting - Pitching for Memphis Blues : RHP Craig Mitchell
|
Batting: LHB Andres Romero
|
0-0: Foul Ball, location: 2F 0-1: Foul Ball, location: 2F 0-2: Ball 1-2: DOUBLE (Groundball, 3L, EV 105.6 MPH)
|
Batting: LHB John Elder
|
0-0: Ball 1-0: Ball 2-0: Called Strike 2-1: Ground out 5-3 (Groundball, 25, EV 81.9 MPH)
|
Batting: RHB Mark Maher
|
0-0: Ball 1-0: Fly out, F8 (Flyball, 8RXD, EV 100.6 MPH)
|
Batting: RHB Kevin Harvey
|
0-0: Ground out 5-3 (Groundball, 56, EV 88.1 MPH)
|
Top of the 4th over - 0 runs, 1 hit, 0 errors, 1 left on base; Albuquerque 3 - Memphis 1 |
BOTTOM OF THE 4TH |
Memphis Blues batting - Pitching for Albuquerque Dukes : RHP Brad Lesley
|
Batting: LHB David Christianson
|
0-0: Ground out 6-3 (Groundball, 6M, EV 89.4 MPH)
|
Batting: RHB Chris James
|
0-0: Ball 1-0: Ball 2-0: Foul Ball, location: 2F 2-1: Fly out, F8 (Line Drive, 8LM, EV 85.0 MPH)
|
Batting: RHB Randy Filkins
|
0-0: Foul Ball, location: 2F 0-1: Ball 1-1: Swinging Strike 1-2: Ball 2-2: Strikes out swinging
|
Bottom of the 4th over - 0 runs, 0 hits, 0 errors, 0 left on base; Albuquerque 3 - Memphis 1 |
TOP OF THE 5TH |
Albuquerque Dukes batting - Pitching for Memphis Blues : RHP Craig Mitchell
|
Batting: RHB Aaron Cain
|
0-0: Ball 1-0: Ball 2-0: Ball 3-0: Base on Balls
|
Batting: RHB Steven Patterson
|
0-0: Ball 1-0: Ball 2-0: DOUBLE (Line Drive, 3D, EV 97.5 MPH) Aaron Cain to third
|
Batting: LHB Dave Yobs
|
0-0: Fly out, F8 (Flyball, 8LXD, EV 82.5 MPH) Runner from 3rd tags up, SCORES, no throw by CF
|
Batting: RHB George Foussianes
|
0-0: Ball 1-0: Swinging Strike 1-1: Ground out 4-3 (Groundball, 4, EV 79.4 MPH) Steven Patterson to third
|
Batting: LHB Matthew Henderson
|
0-0: Ball 1-0: Ball 2-0: Called Strike 2-1: Foul Ball, location: 2F 2-2: Ball 3-2: Ground out 6-3 (Groundball, 6, EV 88.1 MPH)
|
Top of the 5th over - 1 run, 1 hit, 0 errors, 1 left on base; Albuquerque 4 - Memphis 1 |
BOTTOM OF THE 5TH |
Memphis Blues batting - Pitching for Albuquerque Dukes : RHP Brad Lesley
|
Batting: RHB Augustine Garrett
|
0-0: Ball 1-0: Swinging Strike 1-1: Swinging Strike 1-2: Strikes out swinging
|
Batting: LHB Don Jacoby
|
0-0: Swinging Strike 0-1: Called Strike 0-2: Strikes out swinging
|
Batting: RHB Bradley Shames
|
0-0: Fly out, F5 (Popup, 56S, EV 75.0 MPH)
|
Bottom of the 5th over - 0 runs, 0 hits, 0 errors, 0 left on base; Albuquerque 4 - Memphis 1 |
TOP OF THE 6TH |
Albuquerque Dukes batting - Pitching for Memphis Blues : RHP Craig Mitchell
|
Batting: LHB Andres Romero
|
0-0: Foul Ball, location: 2F 0-1: Ball 1-1: Foul Ball, location: 2F 1-2: Ground out 6-3 (Groundball, 6M, EV 88.8 MPH)
|
Batting: LHB John Elder
|
0-0: Called Strike 0-1: Ball 1-1: Ball 2-1: Ball 3-1: Base on Balls
|
Batting: RHB Mark Maher
|
0-0: Ball 1-0: Foul Ball, location: 2F 1-1: Foul Ball, location: 2F 1-2: Strikes out swinging
|
Batting: RHB Kevin Harvey
|
0-0: Ball 1-0: Ball 2-0: Foul Ball, location: 2F 2-1: Ball 3-1: TRIPLE (Line Drive, 8RXD, EV 97.5 MPH) John Elder scores
|
Batting: RHB Aaron Cain
|
0-0: Ball 1-0: Called Strike 1-1: Ball 2-1: Foul Ball, location: 2F 2-2: Ball 3-2: SINGLE (Groundball, 6D, EV 103.1 MPH) Kevin Harvey scores
|
Pitching: RHP Anthony Threatt
|
|
Batting: RHB Steven Patterson
|
0-0: Called Strike 0-1: Foul Ball, location: 2F 0-2: Foul Ball, location: 2F 0-2: Ball Aaron Cain steals 2nd base (no throw) 1-2: Strikes out looking
|
Top of the 6th over - 2 runs, 2 hits, 0 errors, 1 left on base; Albuquerque 6 - Memphis 1 |
BOTTOM OF THE 6TH |
Memphis Blues batting - Pitching for Albuquerque Dukes : RHP Brad Lesley
|
Batting: RHB William Muth
|
0-0: Ball 1-0: Called Strike 1-1: Called Strike 1-2: Ball 2-2: Ground out 4-3 (Groundball, 4MS, EV 84.4 MPH)
|
Batting: RHB Mariano Duncan
|
0-0: Ground out 6-3 (Groundball, 6, EV 79.4 MPH)
|
Batting: LHB John Robbins
|
0-0: Ball 1-0: Foul Ball, location: 2F 1-1: Swinging Strike 1-2: Ball 2-2: Foul Ball, location: 2F 2-2: DOUBLE (Line Drive, 89M, EV 97.5 MPH)
|
Batting: LHB David Christianson
|
0-0: Ball 1-0: Swinging Strike 1-1: Foul Ball, location: 2F 1-2: Ball 2-2: Strikes out looking
|
Bottom of the 6th over - 0 runs, 1 hit, 0 errors, 1 left on base; Albuquerque 6 - Memphis 1 |
TOP OF THE 7TH |
Albuquerque Dukes batting - Pitching for Memphis Blues : RHP Anthony Threatt
|
Batting: LHB Dave Yobs
|
0-0: Ball 1-0: Foul Ball, location: 2F 1-1: Swinging Strike 1-2: Ball 2-2: Foul Ball, location: 2F 2-2: Strikes out looking
|
Batting: RHB George Foussianes
|
0-0: Swinging Strike 0-1: Ball 1-1: Called Strike 1-2: Ball 2-2: Foul Ball, location: 2F 2-2: Foul Ball, location: 2F 2-2: Ball 3-2: Foul Ball, location: 2F 3-2: Base on Balls
|
Batting: LHB Matthew Henderson
|
0-0: Ball 1-0: Called Strike 1-1: DOUBLE (Flyball, 8LXD, EV 100.0 MPH) George Foussianes to third
|
Batting: LHB Andres Romero
|
0-0: Ball 1-0: Ball 2-0: Foul Ball, location: 2F 2-1: Foul Ball, location: 2F 2-2: Ball 3-2: Base on Balls
|
Batting: LHB John Elder
|
0-0: Called Strike 0-1: Foul Ball, location: 2F 0-2: Strikes out swinging
|
Batting: RHB Mark Maher
|
0-0: Ball 1-0: Ball 2-0: Ball 3-0: Base on Balls George Foussianes scores Matthew Henderson to third Andres Romero to second
|
Batting: RHB Kevin Harvey
|
0-0: Called Strike 0-1: Called Strike 0-2: Ball 1-2: Foul Ball, location: 2F 1-2: Ball 2-2: Foul Ball, location: 2F 2-2: Ball 3-2: Ground out 5-3 (Groundball, 56, EV 96.9 MPH)
|
Top of the 7th over - 1 run, 1 hit, 0 errors, 3 left on base; Albuquerque 7 - Memphis 1 |
BOTTOM OF THE 7TH |
Memphis Blues batting - Pitching for Albuquerque Dukes : RHP Brad Lesley
|
Batting: RHB Chris James
|
0-0: Foul Ball, location: 2F 0-1: Foul Ball, location: 2F 0-2: Fly out, F9 (Flyball, 9LS, EV 77.5 MPH)
|
Batting: RHB Randy Filkins
|
0-0: Foul Ball, location: 2F 0-1: Foul Ball, location: 2F 0-2: Ball 1-2: Ball 2-2: Ball 3-2: SINGLE (Groundball, 56, EV 97.5 MPH)
|
Batting: RHB Augustine Garrett
|
0-0: Foul Ball, location: 2F 0-1: Ball 1-1: Ball Randy Filkins steals 2nd base 2-1: Ball Passed Ball! Randy Filkins to third 3-1: Called Strike 3-2: Reached on error, E6 (Groundball, 6, EV 82.5 MPH) Randy Filkins scores
|
Batting: LHB Don Jacoby
|
0-0: Foul Ball, location: 2F 0-1: Foul Ball, location: 2F 0-2: Foul Ball, location: 2F 0-2: Ball 1-2: Grounds into double play, 4-6-3 (Groundball, 34, EV 103.1 MPH)
|
Bottom of the 7th over - 1 run, 1 hit, 1 error, 0 left on base; Albuquerque 7 - Memphis 2 |
TOP OF THE 8TH |
Albuquerque Dukes batting - Pitching for Memphis Blues : RHP Anthony Threatt
|
Pitching: RHP Mark Humphrey
|
|
Batting: RHB Aaron Cain
|
0-0: Hit by Pitch
|
Batting: RHB Steven Patterson
|
0-0: Ball 1-0: Ball 2-0: Ball 3-0: Base on Balls Aaron Cain to second
|
Batting: LHB Dave Yobs
|
0-0: Ball 1-0: Foul Ball, location: 2F 1-1: Swinging Strike 1-2: SINGLE (Groundball, 34D, EV 106.3 MPH) Aaron Cain to third Steven Patterson to second Runner from 3rd tries for Home, SAFE, throw by RF to home
|
Batting: RHB George Foussianes
|
0-0: Swinging Strike 0-1: Foul Ball, location: 2F 0-2: Ball 1-2: Ball 2-2: Grounds into double play, 6-4-3 (Groundball, 6, EV 84.4 MPH) Steven Patterson to third
|
Batting: LHB Matthew Henderson
|
0-0: Foul Ball, location: 2F 0-1: Ball 1-1: Ground out 4-3 (Groundball, 4, EV 99.4 MPH)
|
Top of the 8th over - 1 run, 1 hit, 0 errors, 1 left on base; Albuquerque 8 - Memphis 2 |
BOTTOM OF THE 8TH |
Memphis Blues batting - Pitching for Albuquerque Dukes : RHP Brad Lesley
|
Batting: RHB Bradley Shames
|
0-0: Ground out 2-3 (Groundball, 2R, EV 75.0 MPH)
|
Batting: RHB William Muth
|
0-0: Ball 1-0: Foul Ball, location: 2F 1-1: Ground out U3 (Groundball, 3, EV 103.1 MPH)
|
Batting: RHB Mariano Duncan
|
0-0: Ball 1-0: SINGLE (Line Drive, 56, EV 94.4 MPH)
|
Batting: LHB John Robbins
|
0-0: Called Strike 0-1: Ball 1-1: Foul Ball, location: 2F 1-2: Foul Ball, location: 2F 1-2: Foul Ball, location: 2F 1-2: Ball 2-2: Foul Ball, location: 2F 2-2: Ball 3-2: Foul Ball, location: 2F 3-2: Foul Ball, location: 2F 3-2: Foul Ball, location: 2F 3-2: Fly out, F5 (Popup, 56S, EV 79.4 MPH)
|
Bottom of the 8th over - 0 runs, 1 hit, 0 errors, 1 left on base; Albuquerque 8 - Memphis 2 |
TOP OF THE 9TH |
Albuquerque Dukes batting - Pitching for Memphis Blues : RHP Mark Humphrey
|
Batting: LHB Andres Romero
|
0-0: Called Strike 0-1: Ball 1-1: SINGLE (Groundball, 13S, EV 66.3 MPH) (infield hit)
|
Batting: LHB John Elder
|
0-0: Called Strike Andres Romero steals 2nd base (no throw) 0-1: Foul Ball, location: 2F 0-2: Ball 1-2: Strikes out looking
|
Batting: RHB Mark Maher
|
0-0: Ball 1-0: Ground out 4-3 (Groundball, 4, EV 102.5 MPH) Andres Romero to third
|
Batting: RHB Kevin Harvey
|
0-0: Ball 1-0: Swinging Strike 1-1: Foul Ball, location: 2F 1-2: Ball 2-2: Foul Ball, location: 2F 2-2: Ball 3-2: DOUBLE (Groundball, 5L, EV 106.9 MPH) Andres Romero scores
|
Pinch Hitting: RHB Jim Smith
|
0-0: Ground out 6-3 (Groundball, 6M, EV 78.8 MPH)
|
Top of the 9th over - 1 run, 2 hits, 0 errors, 1 left on base; Albuquerque 9 - Memphis 2 |
BOTTOM OF THE 9TH |
Memphis Blues batting - Pitching for Albuquerque Dukes : RHP Brad Lesley
|
Now at 2B: Thomas Steinmetz
|
|
Pinch Hitting: RHB Jeff Reynolds
|
0-0: SINGLE (Flyball, 56D, EV 88.1 MPH)
|
Pinch Hitting: LHB Bob Tumpane
|
0-0: Called Strike 0-1: Foul Ball, location: 2F 0-2: Foul Ball, location: 2F 0-2: Foul Ball, location: 2F 0-2: Ball 1-2: SINGLE (Groundball, 3D, EV 103.1 MPH) Jeff Reynolds to second
|
Pinch Hitting: SHB Darrell Brown
|
0-0: Ball 1-0: Ball 2-0: Ball 3-0: Called Strike 3-1: Base on Balls Jeff Reynolds to third Bob Tumpane to second
|
Batting: RHB Augustine Garrett
|
0-0: Called Strike 0-1: Foul Ball, location: 2F 0-2: Fly out, F8 (Line Drive, 8RM, EV 103.8 MPH) Runner from 3rd tags up, SCORES, no throw by CF
|
Batting: LHB Don Jacoby
|
0-0: Called Strike 0-1: Ball 1-1: Ball 2-1: Fielders Choice at 2nd, 6-4 (Groundball, 56, EV 100.0 MPH) Bob Tumpane to third
|
Batting: RHB Bradley Shames
|
0-0: Ball 1-0: Ball 2-0: Foul Ball, location: 2F 2-1: Foul Ball, location: 2F 2-2: Fly out, F1 (Line Drive, P, EV 68.8 MPH)
|
Bottom of the 9th over - 1 run, 2 hits, 0 errors, 2 left on base; Albuquerque 9 - Memphis 3 |
|